 Dungeon Crawl Stone Soup version 0.20.1-1-g8b1a95d (webtiles) character file.

59 Lanoc the Charmwright (level 4, -5/27 HPs)
             Began as a Gargoyle Skald on Dec 1, 2017.
             Slain by Sigmund
             ... wielding a +0 scythe
              (6 damage)
             ... on level 2 of the Dungeon.
             The game lasted 00:03:42 (1154 turns).

Lanoc the Charmwright (Gargoyle Skald)              Turns: 1154, Time: 00:03:43

Health: -5/27      AC: 10    Str: 16    XL:     4   Next: 3%
Magic:  3/7        EV: 11    Int: 13    God:
Gold:   40         SH:  0    Dex:  9    Spells: 4/7 levels left

rFire    . . .     SeeInvis .   a - +0 mace
rCold    . . .     Gourm    .   (no shield)
rNeg     + . .     Faith    .   j - +0 ring mail
rPois    ∞         Spirit   .   (no helmet)
rElec    +         Reflect  .   (no cloak)
rCorr    .         Harm     .   (no gloves)
MR       .....                  i - +0 pair of boots
Stlth    ..........             (no amulet)
Regen    0.1/turn               (no ring)
MPRegen  0.1/turn               (no ring)

@: singing (expiring), very slightly contaminated
A: negative energy resistance 1, electricity resistance, unbreathing,
petrification resistance, rot immunity, AC +3
a: no special abilities


You were on level 2 of the Dungeon.
You were not hungry.

You visited 1 branch of the dungeon, and saw 2 of its levels.

You collected 40 gold pieces.

Inventory:

Hand Weapons
 a - a +0 mace (weapon)
Armour
 i - a +0 pair of boots (worn)
 j - a +0 ring mail (worn)
Wands
 o - a wand of random effects (32/48)
Scrolls
 b - a scroll of remove curse {unknown}
 k - a scroll of amnesia
 m - a scroll of identify {unknown}
Potions
 e - 2 potions of heal wounds {unknown}
 g - a potion of curing {unknown}
 l - a potion of lignification {unknown}
Books
 c - a book of Battle

   Spells                             Type                      Level
   a - Infusion                       Charms                       1
   b - Shroud of Golubria             Charms/Translocation         2
   c - Song of Slaying                Charms                       2
   d - Spectral Weapon                Hexes/Charms                 3
   e - Regeneration                   Charms/Necromancy            3
Comestibles
 d - a bread ration
 f - 2 meat rations
 h - a royal jelly


   Skills:
 + Level 2.7 Fighting
 + Level 2.4 Maces & Flails
 + Level 2.1 Armour
 + Level 1.9 Dodging
 + Level 2.3 Spellcasting
 + Level 3.0 Charms


You had 4 spell levels left.
You knew the following spells:

 Your Spells              Type           Power        Failure   Level  Hunger
a - Infusion              Chrm           #...         13%         1    #......
b - Song of Slaying       Chrm           #.......     21%         2    ###....


Dungeon Overview and Level Annotations

Branches:
Dungeon (2/15)

Altars:

Annotations:
D:2 Sigmund


Innate Abilities, Weirdness & Mutations

You are resistant to torment.
Your stone body is resilient. (AC +3)
You are immune to poison.
You resist negative energy. (rN+)
You are resistant to electric shocks. (rElec)
You can survive without breathing.
You are immune to petrification.
You are immune to rotting.


Message History

You hit the rat.
You kill the rat!
Sigmund casts a spell.
Sigmund flickers and vanishes!
Deactivating autopickup; reactivate with Ctrl-A.
Something hits you.
* * * LOW HITPOINT WARNING * * *
You hit the hobgoblin.
The hobgoblin is severely wounded.
Your song is almost over.
The hobgoblin barely misses you.
The hobgoblin hits you but does no damage.
You hit the hobgoblin.
The hobgoblin is severely wounded.
Something hits you but does no damage.
The hobgoblin hits you but does no damage.
You barely miss the hobgoblin.
The hobgoblin is severely wounded.
Something hits you.
You die...

.......†..........
.......)..........
#.#.....#.................
#.#(##.##.##.....#........
....##...<# .##.#........
#.#######.###.##.#........
#.......#.....##.#........
#######.#..#####.#........
#.#..# #@#g.......
####'#..#####g#........
#..)[.......{K..@.###..
#.................#
#.................#
####.#####........#
#.....+........#
#######........#
#........#


You could see a hobgoblin and a kobold.

Vanquished Creatures
  Jessica (D:2)
  An adder (D:2)
  A dart slug (D:1)
  3 giant cockroaches
  A hobgoblin (D:1)
  6 kobolds
  2 bats (D:1)
  A frilled lizard (D:1)
  4 goblins
  3 rats
23 creatures vanquished.

Notes
Turn   | Place    | Note
-------+----------+-------------------------------------------
     0 | D:1      | Lanoc the Gargoyle Skald began the quest for the Orb.
     0 | D:1      | Reached XP level 1. HP: 12/12 MP: 3/3
   167 | D:1      | Reached XP level 2. HP: 14/18 MP: 1/5
   316 | D:1      | Learned a level 2 spell: Song of Slaying
   887 | D:2      | Noticed Jessica
   898 | D:2      | Killed Jessica
   898 | D:2      | Reached skill level 3 in Charms
   898 | D:2      | Reached XP level 3. HP: 6/22 MP: 1/6
  1128 | D:2      | Noticed Sigmund
  1150 | D:2      | Reached XP level 4. HP: 12/27 MP: 3/7
  1151 | D:2      | HP: 1/27 [something (5)]
  1154 | D:2      | Slain by Sigmund

Skill      XL: |  1  2 |
---------------+-------+-----
Armour         | 2 |  2.1
Charms         | 3 |  3.0
Fighting       | |  2.7
Maces & Flails | |  2.4
Dodging        | |  1.9
Spellcasting   | |  2.3

Action                   |  1- 3 |  4- 6 || total
-------------------------+-------+-------++-------
Melee: Mace              |    78 |     4 ||    82
 Cast: Infusion          |     5 |       ||     5
       Song of Slaying   |     2 |       ||     2
  Use: Scroll            |     1 |       ||     1
  Eat: Chunk             |     1 |       ||     1
Armor: Leather armour    |     6 |       ||     6
       Ring mail         |    46 |     3 ||    49
Dodge: Dodged            |    53 |     1 ||    54
